[Event "3rd VIZAG GM-Open 2022"]
[Site "Visakapatnam"]
[Date "2022.06.13"]
[Round "3.4"]
[White "Savchenko, Boris"]
[Black "Konguvel, Ponnuswamy"]
[Result "0-1"]
[ECO "B53"]
[WhiteElo "2524"]
[BlackElo "2331"]
[Annotator "TA"]
[PlyCount "128"]
[EventDate "2022.06.13"]
[EventType "swiss"]
[EventCountry "IND"]
[SourceTitle "playchess.com"]
[Source "ChessBase"]
[SourceQuality "1"]
[TimeControl "5400+30"]

1. e4 c5 2. Nf3 d6 3. d4 cxd4 4. Qxd4 a6 5. Be2 Nc6 6. Qe3 {[%emt 0:00:07] B53: Sicilian: 2...d6: Lines with Qxd4.} Nf6 7. c4 g6 8. O-O {[%emt 0:00:40] White has an edge.} Bg7 9. Rd1 {[%emt 0:00:53] [#]} Qa5 $146 ({Predecessor:} 9... O-O 10. Nc3 Nd7 11. Rb1 b6 12. b3 Bb7 13. Bb2 Nc5 14. Nd5 Bxb2 15. Rxb2 e6 {0-1 (36) Shyam,S (2520)-Fedoseev,V (2681) Riga 2019}) 10. Bd2 Qc5 (10... Ng4 $5 11. Qb3 Qc5 $15) 11. Nc3 O-O 12. Qf4 Ng4 13. Be1 Bxc3 14. bxc3 Nce5 15. Nd2 Nf6 16. Rab1 Rb8 17. Nb3 Qc6 18. Rd4 (18. c5 $11 Qxe4 19. Qxe4 Nxe4 20. f3 Nxc5 21. Nxc5 dxc5 22. Bg3) 18... Be6 $15 19. f3 Qa4 (19... Nxc4 20. Bxc4 Bxc4 21. Na5 $14) (19... Bxc4 20. Na5 Qc5 21. Nxc4 $11) 20. Qc1 (20. Qd2 $15) 20... Nc6 $17 {[%emt 0:04:40] Black is much more active.} (20... Bxc4 21. f4 b5 22. fxe5 dxe5 23. Nc5 $16) (20... Qxa2 $6 21. Qd1 $11) 21. Rd2 Bxc4 22. Bd1 Qb5 23. Nd4 Qg5 24. h4 Qe5 (24... Qa5 $17 25. Nxc6 bxc6) 25. Rdb2 $15 Na5 (25... Nxd4 26. cxd4 Qe6 27. Rxb7 Rxb7 28. Rxb7 $14) 26. Qd2 d5 27. f4 Qc7 (27... Qxe4 $2 28. Bc2 Bd3 29. Bxd3 $18) 28. e5 Ne4 29. Qe3 b5 $36 {[%emt 0:02:32][%mdl 2048] Black is more active.} 30. g4 Rb6 31. a4 (31. Rg2 $15) 31... Rfb8 $17 32. axb5 Bxb5 ({Stronger than} 32... axb5 33. Bc2 $15) 33. Rb4 (33. Nxb5 $17 {was worth a try.} Rxb5 34. Rxb5 axb5 35. Ra1) 33... Nc4 $19 {[%emt 0:00:52] Pair of Knights!} 34. Nxb5 Rxb5 ({But not} 34... Nxe3 35. Nxc7 Rxb4 36. cxb4 $18) 35. Qd4 Qc5 (35... Na3 $19 {is more deadly.} 36. Rxb5 Nxb5) 36. Qxc5 $17 Nxc5 37. Be2 Ne6 38. Bg3 (38. Rxb5 $142 Rxb5 39. Rxb5 axb5 40. Bg3) 38... Rxb4 39. cxb4 (39. Rxb4 $17 Rxb4 40. cxb4) 39... Nd4 40. Bd1 Nc6 41. Be1 Kf8 (41... a5 $142 {aiming for ...Ne3.} 42. b5 Nb4) 42. Kf2 {[%emt 0:00:33] Inhibits Ne3.} Ke8 43. h5 Kd7 44. Bb3 Ke6 (44... e6 $17 45. Bxc4 dxc4) 45. h6 g5 46. fxg5 N6xe5 47. Bc2 Nxg4+ 48. Kg3 f5 49. Ra1 Rb6 (49... Nd6 $17 {...Rc8 is the strong threat.} 50. Rxa6 Rc8) 50. Bc3 $1 $11 {[%emt 0:00:48][%cal Og5g6] And now g6! would win.} Nce5 ({Black should play} 50... Nd6 $11 51. g6 Nf6 52. Bxf6 Kxf6 53. gxh7 Rb8) 51. Ba4 $2 {[%emt 0:00:55] [#]} (51. Bd4 $14 {keeps the upper hand.} Rxb4 52. Rxa6+ Kf7 53. Bxe5 Nxe5 54. Bxf5) 51... Kf7 $1 $17 52. Rd1 e6 {[%emt 0:00:21] Threatens to win with ...Nc4.} 53. Kf4 $2 {[%emt 0:00:34] White does not recover from this.} (53. Ra1 $17) 53... Ng6+ $19 54. Kf3 N4e5+ 55. Ke2 Rb7 56. Ra1 Rc7 57. Bb2 (57. Bd2 $142) 57... Rc4 58. Rc1 (58. Bd1 {keeps fighting.} Rxb4 59. Bxe5 Nxe5 60. Rxa6) 58... Nf4+ 59. Kf1 Nfd3 60. Rxc4 Nxc4 61. Be8+ (61. Bd4 $142 e5 62. Bc5) 61... Kxe8 {[%emt 0:01:00] Black is clearly winning.} 62. g6 Nce5 (62... Ncxb2 $2 63. gxh7 Kd7 64. h8=Q $18) 63. gxh7 Ng6 64. Bg7 Kf7 {[%emt 0:00:14] Weighted Error Value: White=0.35/Black=0.21 (precise)} 0-1

[Event "3rd VIZAG GM-Open 2022"]
[Site "Visakapatnam"]
[Date "2022.06.13"]
[Round "3.5"]
[White "Kaustuv, Kundu"]
[Black "Fedorov, Alexei"]
[Result "1/2-1/2"]
[ECO "A41"]
[WhiteElo "2327"]
[BlackElo "2529"]
[Annotator "TA"]
[PlyCount "121"]
[EventDate "2022.06.13"]
[EventType "swiss"]
[EventCountry "IND"]
[SourceTitle "playchess.com"]
[Source "ChessBase"]
[SourceQuality "1"]
[TimeControl "5400+30"]

1. Nf3 d6 2. d4 Nf6 3. Nc3 Bg4 4. e4 e6 5. h3 Bh5 6. Be2 Bg6 {[%emt 0:05:52] A41: 1 d4 d6: Tartakower System and Modern Defence.} 7. Bg5 Be7 8. e5 Nfd7 {[%emt 0:07:13] [#]} 9. h4 $146 ({Predecessor:} 9. Bxe7 Qxe7 10. Nb5 Na6 11. exd6 cxd6 12. c4 O-O 13. O-O Rfc8 14. b3 Nb6 15. Re1 Nc7 16. Nxc7 Rxc7 17. b4 a5 18. Qb3 axb4 19. Qxb4 Nd7 20. Qd2 b6 {1-0 (20) Emeljanov,A (2178)-Pozdniakov,V (2173) Omsk 2013}) 9... Bxg5 10. hxg5 dxe5 11. dxe5 ({Don't play} 11. Nxe5 Nxe5 12. dxe5 Qxg5 $17) 11... Nc6 12. Bb5 Nb4 13. Bxd7+ Qxd7 14. Qxd7+ Kxd7 15. O-O-O+ Ke7 16. a3 Nc6 ({Resist} 16... Nxc2 17. Nh4 $16) 17. Nh4 Rhd8 18. Nxg6+ hxg6 19. f4 Nd4 20. g3 Rd7 21. Ne4 Rad8 (21... Rh8 $5) 22. c3 Nf5 23. Rd2 (23. Rxd7+ $11 Rxd7 24. Rh8) 23... Rd5 ({Black should play} 23... Rxd2 $17 24. Nxd2 Nxg3) 24. Rxd5 $2 (24. Rdh2 $11 {and White has nothing to worry.}) 24... Rd7 $4 (24... exd5 $19 25. Nc5 Nxg3) 25. Rhd1 $2 Rxd5 $11 {[%emt 0:02:50][%mdl 4096] Endgame KRN-KRN. The position is equal.} 26. Rd2 Ne3 27. b3 b5 28. Re2 Rd1+ 29. Kb2 Nd5 30. Kc2 Ra1 31. Kb2 {[%emt 0:00:00] Prevents Ra2+.} Rf1 32. Nd2 Rg1 33. Ne4 a5 34. c4 bxc4 35. bxc4 Nb6 36. c5 Nd5 37. Kb3 Kd7 38. Ka4 Kc6 39. Kxa5 Rd1 40. Ka4 $1 Rd3 41. Re1 Rd4+ 42. Kb3 $1 Kb5 43. Nc3+ Kxc5 {[%emt 0:00:19] [#] Threatens to win with ...Rd3.} 44. Nxd5 Kxd5 {[%emt 0:01:33] KR-KR} 45. Kc3 {[%emt 0:01:41] Inhibits Rd3+.} Kc5 46. Rh1 Re4 47. Rh7 Re3+ 48. Kd2 $1 Rxg3 49. Rxg7 Kd4 50. Rxf7 Rg2+ 51. Ke1 c5 52. Rf6 $1 Ke3 {[%emt 0:00:55][%cal Rg2g1] [#]} 53. Kf1 {[%emt 0:00:32] Against Rg1+} Rf2+ 54. Kg1 Rc2 55. Rxe6 {[%emt 0:00:41] Hoping for Rf6.} Kxf4 56. Rxg6 Kxe5 57. Rc6 Kd5 58. Rc8 Ke6 59. g6 {[%emt 0:00:44] g7 would kill now.} Kf6 60. Rc6+ Kg7 61. a4 {[%emt 0:00:07] Weighted Error Value: White=0.21 (precise) /Black=0.05 (flawless)} 1/2-1/2

[Event "3rd VIZAG GM-Open 2022"]
[Site "Visakapatnam"]
[Date "2022.06.13"]
[Round "3.6"]
[White "Nigmatov, Ortik"]
[Black "Jubin Jimmy"]
[Result "1-0"]
[ECO "A13"]
[WhiteElo "2463"]
[BlackElo "2259"]
[Annotator "TA"]
[PlyCount "97"]
[EventDate "2022.06.13"]
[EventType "swiss"]
[EventCountry "IND"]
[SourceTitle "playchess.com"]
[Source "ChessBase"]
[SourceQuality "1"]
[TimeControl "5400+30"]

1. Nf3 Nf6 2. e3 e6 3. c4 d5 4. b3 Be7 5. Bb2 O-O 6. Nc3 c5 {[%emt 0:01:15] 6...c5 scores better than 6...b6.} 7. cxd5 Nxd5 8. Qc2 {[%emt 0:00:08] A13: English Opening: 1...e6.} Nc6 9. h4 b6 10. a3 {[%emt 0:05:30] Prevents Ndb4. The position is equal.} f5 11. Nxd5 Qxd5 12. Bc4 (12. Qc3 Bf6 13. Qc2 Bb7 $15) 12... Qd6 13. g4 {[%emt 0:00:29] gxf5 is the strong threat.} (13. Qc3 Bf6 14. Qc2 Na5 $15) 13... Na5 {[%emt 0:26:27] [#]} 14. gxf5 $146 (14. Qc3 $2 Bf6 15. Ne5 fxg4 $19) (14. Be2 $11) ({Predecessor:} 14. Ne5 Nxc4 15. bxc4 Bf6 16. f4 Bb7 17. Rg1 Bxh4+ 18. Ke2 Bf6 19. gxf5 exf5 20. Rg3 {1-0 (51) Krysa,L (2533)-Gorti,A (2255) Barcelona 2018}) 14... Nxc4 $15 15. Qxc4 Rxf5 (15... Bf6 $1 $15 16. Bxf6 Rxf6) 16. Rg1 g6 (16... Rxf3 $2 17. Rxg7+ Kf8 18. Qg4 $18) 17. Ng5 (17. Qc3 $2 Bf6 18. Qc2 Bxb2 19. Qxb2 Rxf3 $19) 17... Qd5 18. f4 ({Much weaker is} 18. Qc3 Bf6 19. Qc2 Bxg5 20. hxg5 Qf3 $17) 18... Bb7 (18... h6 $15 19. Qc2 (19. Qc3 $2 Bf6 $19) 19... Qc6) 19. O-O-O ({Much worse is} 19. Qc3 Bf6 20. Qc2 Bxg5 21. hxg5 Qf3 $11) (19. d3 $5 ) 19... Bxg5 20. hxg5 Qxc4+ 21. bxc4 Bf3 22. Rde1 Rd8 23. Be5 Rd3 24. e4 Rf7 25. a4 Rfd7 26. Bc3 Kf7 27. Kc2 Rd8 28. Rgf1 Bg4 29. Rf2 (29. Rh1 $5 ) 29... Kg8 30. a5 Bf3 31. Rh2 R8d7 32. a6 Bg4 33. Rg2 Bf3 34. Rf2 Bg4 35. Kb3 Kf7 36. Rg2 Bf3 37. Rh2 Kg8 (37... Bh5 $5 ) 38. f5 exf5 39. exf5 gxf5 40. Re8+ Kf7 41. Rh8 f4 42. Rh6 Be4 43. Rf6+ Ke7 44. Rxf4 Bg6 45. Ra8 Rg3 46. Ka4 Rc7 47. Rff8 {[%emt 0:00:54] Strongly threatening Rfb8.} Rg1 $2 {[%emt 0:01:08][%mdl 8192] [#]} (47... Rd7 $11) 48. Rfb8 $1 $18 {[%emt 0:02:27] Threatens to win with Rb7.} Kd6 {[%emt 0:02:38] [#]} 49. Rb7 $1 {[%emt 0:01:42] Weighted Error Value: White=0.06 (flawless) /Black=0.29 (precise)} 1-0

[Event "3rd VIZAG GM-Open 2022"]
[Site "Visakapatnam"]
[Date "2022.06.13"]
[Round "3.7"]
[White "Aaryan Varshney"]
[Black "Stupak, Kirill"]
[Result "0-1"]
[ECO "A08"]
[WhiteElo "2308"]
[BlackElo "2440"]
[Annotator "TA"]
[PlyCount "94"]
[EventDate "2022.06.13"]
[EventType "swiss"]
[EventCountry "IND"]
[SourceTitle "playchess.com"]
[Source "ChessBase"]
[SourceQuality "1"]
[TimeControl "5400+30"]

1. Nf3 d5 2. g3 c5 3. Bg2 g6 4. O-O Bg7 5. d4 cxd4 6. Nxd4 {[%emt 0:00:05][%cal Oc2c4] A08: King's Indian Attack.} e5 7. Nb3 Ne7 8. c4 {[%emt 0:01:18][%cal Rc4d5] The position is equal.} d4 9. e3 Nbc6 10. exd4 exd4 11. Na3 O-O 12. Bf4 h6 13. c5 (13. h4 $14) 13... Be6 14. Bd6 Qd7 15. Nc2 Bc4 16. Re1 d3 {[%emt 0:00:04] [#] aiming for ...Bxb3.} 17. Ne3 Ba6 18. Qd2 Rfe8 19. Be4 {[%emt 0:04:56] [#]} Ne5 $146 (19... Rad8 $11) ({Predecessor:} 19... Rad8 20. Bxd3 Bxd3 21. Qxd3 Bxb2 22. Rad1 Bg7 23. Qc4 Nf5 24. Nxf5 Qxf5 25. Qf4 Qc2 {½-½ (85) Kerem,H (2050)-Khamrakulov,D (2478) Cesme 2017}) 20. f4 (20. Bxe5 $14 Bxe5 21. c6 Nxc6 22. Nc5) 20... Nc4 $15 21. Nxc4 Bxc4 22. Bxd3 Bxd3 23. Qxd3 Nf5 24. Rad1 {[%emt 0:04:58] [#]} Rxe1+ 25. Rxe1 Rd8 26. Qf3 Bxb2 27. Be5 Bxe5 28. Rxe5 h5 29. Re1 a5 (29... Re8 {keeps more tension.} 30. Kf2 Rxe1 31. Kxe1 Qe8+) 30. Qc3 a4 31. Nc1 {[%emt 0:04:19] White does not recover from this.} (31. Nd2 $17) 31... h4 32. g4 Nd4 33. h3 Qd5 {[%emt 0:01:53] Hoping for ...Nf3+.} 34. Kf2 {[%emt 0:01:52] Against Nf3} (34. Re3 $142) 34... Ne6 35. Qe5 (35. Qe3) 35... Qxe5 36. fxe5 $19 {[%emt 0:00:44][%mdl 4096] Endgame KRN-KRN} Rd5 (36... Nxc5 $2 37. Re3 $19) 37. Ne2 Rxe5 ({But not} 37... Nxc5 $2 38. Kf1 $19) 38. c6 bxc6 39. Rc1 (39. Nc3 $142 Rxe1 40. Kxe1) 39... Ng5 {[%emt 0:01:52] Black is clearly winning.} 40. Ng1 Rb5 {[%emt 0:00:14] Threatens to win with ...Rb2+.} 41. Rxc6 Rb2+ 42. Ke3 Rxa2 43. Kf4 Ne6+ 44. Ke5 Rf2 {[%emt 0:00:19] White must now prevent ...a3.} 45. Ra6 Rf1 46. Ne2 Re1 47. Rxa4 Rxe2+ {[%emt 0:00:05] Weighted Error Value: White=0.58/Black=0.19 (very precise)} 0-1

[Event "3rd VIZAG GM-Open 2022"]
[Site "Visakapatnam"]
[Date "2022.06.13"]
[Round "3.8"]
[White "Azaladze, Shota"]
[Black "Bharat Kumar Reddy Poluri"]
[Result "0-1"]
[ECO "D77"]
[WhiteElo "2420"]
[BlackElo "2224"]
[Annotator "TA"]
[PlyCount "142"]
[EventDate "2022.06.13"]
[EventType "swiss"]
[EventCountry "IND"]
[SourceTitle "playchess.com"]
[Source "ChessBase"]
[SourceQuality "1"]
[TimeControl "5400+30"]

1. Nf3 d5 2. g3 g6 3. Bg2 Bg7 4. d4 Nf6 5. O-O O-O 6. c4 dxc4 7. Na3 c3 8. bxc3 c5 9. Nc4 Nc6 10. Nfe5 cxd4 {[%emt 0:04:33] D77: Fianchetto Grünfeld: 6 0-0: Replies other than 6...c6.} 11. Nxc6 bxc6 12. cxd4 (12. Bxc6 $2 Bh3 13. Bxa8 Qxa8 $19) (12. Qxd4 Ba6 13. Ne5 Nd7 $1 $11) 12... Nd5 {[%emt 0:00:48] [#] White has an edge.} 13. Qd2 $146 ({Predecessor:} 13. Bb2 Rb8 14. Rc1 Be6 15. Ba1 Bh6 16. e3 f6 17. Qa4 Rb5 18. Rb1 Qb8 19. Na3 {½-½ (43) Devine,C (2088)-Peyrer,K (2149) Austria 2019}) 13... Ba6 14. Na5 Qb6 15. Ba3 {[%emt 0:06:11] Rab1 is the strong threat.} Bxe2 16. Bc5 Qa6 {[%emt 0:02:12] [#]} 17. Nxc6 $1 Qxc6 ({Resist} 17... Bxf1 18. Bxd5 Bh3 19. Nxe7+ Kh8 20. Bxa8 Rxa8 21. Re1 $16) 18. Qxe2 Rfe8 19. Rfc1 e6 20. a4 Rec8 21. h4 Qd7 22. a5 Rc7 23. h5 Rac8 {[%emt 0:00:08][%cal Og7d4] White must now prevent ...Bxd4!} 24. Qd2 Nf6 25. Qb4 Nxh5 26. a6 {[%emt 0:00:07] [#]} (26. Rcb1 $11 {keeps the balance.}) 26... Bxd4 $1 $17 27. Qxd4 (27. Bxd4 Rxc1+) 27... Qxd4 28. Bxd4 {[%emt 0:00:02] This bishop pair is nice.} Rxc1+ 29. Rxc1 Rxc1+ {[%emt 0:00:05][%mdl 4096] Endgame KRN-KB} 30. Kh2 Ng7 ({Worse is} 30... Rc7 31. Bb7 $15) (30... Rc4 $1 $17 31. Bxa7 Nf6) 31. Bxa7 $11 {[%emt 0:00:59] Hoping for Bd4.} Ra1 32. Bb7 Ne8 33. Bb8 {[%emt 0:03:02] Against Nc7} Kf8 34. a7 {[%emt 0:01:28] [#]} Nc7 {[%emt 0:00:02] Inhibits a8Q.} 35. Bxc7 (35. Bc6 {with more complications.} f6 36. Kg2 Kf7 37. Bxc7 Rxa7 38. Bf4) 35... Rxa7 36. Bd6+ Kg7 37. Be4 f6 38. Kg2 h5 39. Bc5 Ra4 40. Bf3 e5 41. Be3 h4 42. Bc6 Rb4 43. gxh4 Rc4 44. Bf3 Rxh4 45. Kg3 g5 46. Bc6 {[%emt 0:00:33] [#]} f5 $1 47. Kg2 Rc4 48. Bd5 (48. Bd7 $1 $15) 48... Rb4 $17 49. f3 (49. Bf3 $142) 49... Kf6 ({Black should play} 49... g4 $17 50. fxg4 Rxg4+ 51. Kf2 Ra4) 50. Bf2 $1 $15 g4 {[%emt 0:01:18] Threatens to win with ...Kg5.} 51. Bh4+ Kg6 {[%emt 0:00:05] And now ...gxf3+ would win.} 52. Be7 ({White must play} 52. fxg4 $1 $15 Rxg4+ 53. Kh3) 52... Rd4 $19 53. Bc6 Rd2+ 54. Kg3 Rd3 55. Kf2 gxf3 56. Bxf3 e4 (56... Rd7 $17 57. Bb4 e4) 57. Bg2 $2 (57. Be2 $15) 57... Kh5 $2 (57... Rd7 $19 58. Bb4 Kg5) 58. Bf1 $1 $15 Rd7 59. Be2+ Kg6 60. Bb4 {[%emt 0:00:27][%mdl 8192] [#]} (60. Bh4 $15) 60... f4 $1 $19 {[%emt 0:00:17] Black is clearly winning.} 61. Bf1 Kg5 62. Ba5 Rd5 63. Bb6 Kg4 64. Be2+ Kf5 65. Bf1 Rd2+ 66. Ke1 e3 67. Ba5 Ra2 68. Bd3+ Kg4 69. Bc7 Kf3 70. Be5 Rh2 71. Bf1 Rh1 {[%emt 0:00:20] Weighted Error Value: White=0.42/Black=0.30} 0-1

[Event "3rd VIZAG GM-Open 2022"]
[Site "Visakapatnam"]
[Date "2022.06.13"]
[Round "3.9"]
[White "Jain Kashish Manoj"]
[Black "Hossain, Enamul"]
[Result "1-0"]
[ECO "B43"]
[WhiteElo "2271"]
[BlackElo "2413"]
[Annotator "TA"]
[PlyCount "93"]
[EventDate "2022.06.13"]
[EventType "swiss"]
[EventCountry "IND"]
[SourceTitle "playchess.com"]
[Source "ChessBase"]
[SourceQuality "1"]
[TimeControl "5400+30"]

1. e4 c5 2. Nf3 e6 3. d4 cxd4 4. Nxd4 a6 5. Nc3 Qc7 6. Bd3 Nf6 7. O-O Bc5 8. Nb3 Ba7 9. Bg5 {[%emt 0:00:53] B43: Sicilian: Kan Variation: 5 Nc3.} d6 10. Kh1 (10. Bxf6 $5 gxf6 11. Be2 $14) 10... Nbd7 11. f4 {[%emt 0:03:56] [#] White is slightly better.} Bb8 $146 ({Predecessor:} 11... h5 12. Qf3 Ng4 13. Rae1 b5 14. e5 d5 15. Qg3 Bb6 16. Re2 Bb7 17. Bh4 g6 {½-½ (36) Lopez Rayo,S (2082)-Campos Gomez,M (2159) Risaralda 2021}) 12. Qf3 b5 13. a4 ({White should play} 13. e5 $16 Bb7 14. exd6) 13... bxa4 (13... b4 $14 14. Na2 a5) 14. Rxa4 $18 {[%emt 0:01:38] And now Rc4 would win.} Nb6 {[%emt 0:00:07] Prevents Rc4.} (14... Bb7 $142 15. Qg3 Kf8) 15. Ra2 Nfd7 16. Bh4 Nc5 $2 (16... O-O $16 {was necessary.} 17. Rd1 d5) 17. Nxc5 Qxc5 18. Bf2 Qc6 19. f5 Nc4 20. fxe6 Bxe6 21. Qg3 O-O (21... Kf8 22. Nd5 (22. Bd4 Ne5 $18) 22... Ne5) 22. Nd5 $1 {[%emt 0:00:18] Threatens to win with Ne7+.} (22. Bd4 Ne5 $14) 22... Kh8 23. Bd4 (23. Qh4 $1 $18) 23... Ne5 $16 24. Qh4 {[%emt 0:02:31][%cal Od5f6] Black must now prevent Nf6! 0x0.0022288c053fdp-1022s more active pieces. The black rooks are badly placed.} f6 25. Ra3 {[%emt 0:08:40][%cal Rd5f6] Strongly threatening Nxf6!} Qe8 (25... Qb7 $1 $14 {is superior.}) 26. Bxa6 (26. Rxa6 Rxa6 27. Bxa6 Qa4 28. Nxf6 (28. Bxe5 $2 Qxa6 29. c4 dxe5 $19) 28... gxf6 29. Rxf6 Rf7 $1 30. Rxf7 Bxf7 31. Qf6+ Kg8 32. Qd8+ Kg7 33. Qg5+ Kf8 34. Qd8+ Kg7 35. Qg5+ Bg6 36. Qe7+ Kg8 37. Qe6+ Kg7 38. Qe7+ Kg8 39. Qe6+ Kg7 40. Qe7+ $17) 26... Qc6 $2 {[%emt 0:07:01][%mdl 8192] [#]} (26... Bxd5 $16 {is tougher.} 27. exd5 Ng6) 27. Nb4 $2 (27. Nxf6 $1 $18 {[%mdl 512] is the precise move to win.} gxf6 28. Rxf6) 27... Qc7 28. Rfa1 f5 (28... Ng6 $16 29. Qg3 Qf7) 29. exf5 $18 ({Much less strong is} 29. Rh3 Bg8 $16) 29... Bxf5 30. Rc3 (30. Nd5 $18 Qf7 31. Ne7) 30... Qd7 {[%emt 0:00:27] [#]} 31. Rf1 ({White should try} 31. Nd5 $1 $16) 31... Ba7 $14 32. Bxa7 Qxa7 33. h3 Bg6 (33... Qb6 $14) 34. Rxf8+ Rxf8 {[%emt 0:00:02] [#]} 35. Rc8 ({Better is} 35. Qf4 $3 $16 Qa8 (35... Bf7 36. Qe3) 36. Qd2) 35... Rxc8 36. Bxc8 {[%emt 0:00:02] White wants to mate with Qd8+.} Qc7 {[%emt 0:01:09] Prevents Qd8+.} (36... h5 $14) 37. Be6 $40 {[%emt 0:00:17][%mdl 128] White wants a kill.} h6 (37... Qb8 $16 {was worth a try.} 38. Bd5 h6) 38. Nd5 Qa5 (38... Qb8 $142 39. c3 Kh7) 39. b4 $18 Qa1+ 40. Kh2 {[%emt 0:00:01] White threatens Qd8+ and mate.} Kh7 41. Qf2 {[%emt 0:01:53] Against Qf1} ({Weaker is} 41. Qd8 Nf3+ 42. gxf3 Qe5+ 43. Nf4 Qxf4+ 44. Kg2 Qd2+ 45. Kf1 Qc1+ 46. Kg2 Qd2+ 47. Kf1 Qc1+ 48. Kg2 Qd2+ $11) 41... Qa8 $2 (41... Qb2 42. Bf5 (42. Qf8 Nf7 $18) 42... Qa2) 42. b5 Qe8 43. Nc7 Qd8 44. b6 {[%emt 0:00:01][%cal Ob6b7] Hoping for b7!} Nc6 (44... Qb8 $142 45. Nd5 Qe8) 45. Bd5 {[%emt 0:00:29] Threatening mate with Ne6.} Ne7 46. Ne6 Qb8 47. Qf8 {[%emt 0:00:41] Weighted Error Value: White=0.54/Black=0.81} 1-0

[Event "3rd VIZAG GM-Open 2022"]
[Site "Visakapatnam"]
[Date "2022.06.13"]
[Round "3.10"]
[White "Nitin, S.."]
[Black "Bommini Mounika Akshaya"]
[Result "1-0"]
[ECO "B20"]
[WhiteElo "2399"]
[BlackElo "2108"]
[Annotator "TA"]
[PlyCount "79"]
[EventDate "2022.06.13"]
[EventType "swiss"]
[EventCountry "IND"]
[SourceTitle "playchess.com"]
[Source "ChessBase"]
[SourceQuality "1"]
[TimeControl "5400+30"]

1. e4 c5 2. b3 e5 3. Bb2 d6 4. Bb5+ Nc6 5. Ne2 Qg5 6. O-O {[%emt 0:03:45] [#] B20: Sicilian: Unusual White 2nd moves.} Bh3 $146 {[%emt 0:03:57][%csl Gh3][%cal Rg5g2] [#]} ({Predecessor:} 6... Bg4 7. Qe1 Bxe2 8. Qxe2 Nge7 9. Nc3 a6 10. Bxc6+ bxc6 11. Qe3 Qxe3 12. dxe3 Ng6 13. Rad1 {1-0 (50) Repkova,E (2361)-Sargac,D (2211) Rijeka 2003}) 7. Ng3 Bg4 8. f3 {[%emt 0:04:53] White is slightly better.} Bd7 9. Nc3 O-O-O 10. Nd5 Nge7 11. f4 exf4 12. Nxf4 (12. Qh5 {is more complex.} Qxh5 13. Nxh5 f3 14. Nxe7+ Bxe7 15. Bxc6 Bxc6 16. Rxf3 Bxe4 17. Re3) 12... Ne5 (12... h5 $1 $11) 13. Bxd7+ $16 Rxd7 14. Qh5 Qxh5 15. Ngxh5 N7c6 16. d3 Rg8 17. Nd5 Be7 18. a3 {[%emt 0:02:40] White is more active.} Bg5 19. b4 f6 20. Ng3 $36 {[%emt 0:05:43][%cal Bh5g3,Bg3f5,Bf5d6][%mdl 2080] Black is under pressure.} Rf8 21. b5 Nd8 22. Nf5 g6 {[%emt 0:00:27] [#] Loses the game.} (22... Ne6 $16 {is a better defense.}) 23. Nxd6+ $1 $18 Rxd6 24. Bxe5 {[%emt 0:00:08][%mdl 64] Pin} Re6 25. Bc3 b6 (25... f5 $142 26. g3 Rf7) 26. a4 Nb7 (26... f5 {was worth a try.} 27. a5 bxa5 28. Bxa5 (28. Rxa5 Rf7 $18) 28... Rf7 29. exf5 gxf5) 27. a5 bxa5 28. Bxa5 Rf7 29. c4 f5 30. Bc3 Nd6 (30... Nd8 $142 31. e5 Bh6) 31. e5 {[%emt 0:00:23] White is clearly winning.} Ne8 32. b6 axb6 33. Ra8+ Kb7 34. Rfa1 {[%emt 0:00:05] White threatens R1a7+ and mate.} Kc6 35. Rc8+ Kd7 36. Rb8 {[%emt 0:01:51] White wants to mate with Ra7+.} Bd8 37. Ra7+ Nc7 38. Nxb6+ Ke8 39. Ba5 Rxe5 40. Nd5 {[%emt 0:00:07] Inhibits Rfe7.  Weighted Error Value: White=0.15 (very precise) /Black=0.31} 1-0

[Event "3rd VIZAG GM-Open 2022"]
[Site "Visakapatnam"]
[Date "2022.06.13"]
[Round "3.11"]
[White "Baghdasaryan, Vahe"]
[Black "Laxman, R.R."]
[Result "1-0"]
[ECO "C54"]
[WhiteElo "2267"]
[BlackElo "2420"]
[Annotator "TA"]
[PlyCount "67"]
[EventDate "2022.06.13"]
[EventType "swiss"]
[EventCountry "IND"]
[SourceTitle "playchess.com"]
[Source "ChessBase"]
[SourceQuality "1"]
[TimeControl "5400+30"]

1. e4 e5 2. Nf3 Nc6 3. Bc4 Bc5 4. c3 Nf6 5. d4 exd4 6. cxd4 Bb4+ 7. Nbd2 $1 {[%emt 0:00:10][%mdl 4] is recently more successful than 7.Bd2.} d5 8. exd5 Nxd5 9. O-O {[%emt 0:00:10] C54: Giuoco Piano: 4 c3 Nf6, main lines with 5 d4 and 5 d3.} O-O 10. a3 Bxd2 11. Bxd2 {[%emt 0:02:54] The position is equal.} Bg4 12. h3 Bxf3 13. Qxf3 {[%emt 0:06:02] [#]} Nce7 $146 (13... Nb6 $11 14. Bd3 Nxd4) ({Predecessor:} 13... Nb6 14. Ba2 Nxd4 15. Qg4 Nf3+ 16. Qxf3 Qxd2 17. Qxb7 Qxb2 18. Qxc7 Qf6 19. Rac1 Rfc8 {1-0 (27) Mamedov,R (2656)-Kamsky,G (2657) Europe Echecs INT 2021}) 14. Rfe1 {[%emt 0:04:41] White is more active.} (14. Bg5 $5 Qd6 15. Bxe7 Nxe7 16. Qxb7 $16) 14... c6 15. Bd3 (15. Re2 $14) 15... Re8 $11 16. Bg5 Qd7 17. h4 h6 18. Bd2 Ng6 19. h5 Nf8 20. Re5 Rad8 {[%emt 0:05:46] aiming for ...Rxe5.} 21. Qg3 {[%emt 0:08:05] Hoping for Bf5.} Kh8 22. Bf5 {[%emt 0:00:38] A strong pair of Bishops.} Ne6 23. Rae1 Ndc7 24. R1e4 $40 {[%emt 0:17:13][%mdl 128] White is up to no good.} Nb5 $2 {[%emt 0:02:12][%mdl 8192] [#] A mistake that costs the game.} (24... Qe7 $11) 25. Bxh6 $1 $18 Rg8 (25... gxh6 $2 26. Qe3 Kg7 27. Rg4+ Kf8 28. Qxh6+ Ke7 29. Bxe6 fxe6 {[#]} 30. Rxb5 $1 ) 26. Bg5 Rde8 (26... Nbxd4 27. Bxe6 Nxe6 28. Bxd8 Qxd8) 27. Bxe6 Rxe6 28. Rxe6 fxe6 29. h6 gxh6 30. Qh3 Rg6 (30... Rxg5 $142 31. Rxe6 Rg6 32. Rxg6 Qxh3 33. gxh3 Kh7) 31. Bxh6 {[%emt 0:00:20] Threatens to win with Bf4+.} Kg8 32. Rf4 {[%emt 0:00:22] White threatens Rf8+ and mate.} Kh7 33. Bg5+ Kg8 34. Bf6 {[%emt 0:00:12] Weighted Error Value: White=0.46/Black=0.76} 1-0